 Dungeon Crawl Stone Soup version 0.30.0-29-ga12c61a403 (webtiles) character file.

Game seed: 15011847037234233865

65951 Yashakami the Warrior (level 14, -8/146 HPs)
             Began as a Minotaur Fighter on June 6, 2023.
             Mangled by a brown very ugly thing (10 damage)
             ... on level 1 of the Depths.
             The game lasted 00:53:01 (18798 turns).

Yashakami the Warrior (Minotaur Fighter)           Turns: 18798, Time: 00:53:03

Health: -8/146     AC: 26    Str: 32    XL:     14   Next: 77%
Magic:  13/13      EV:  8    Int:  5    God:
Gold:   925        SH: 10    Dex: 22    Spells: 13/13 levels left

rFire   . . .        T - +1 war axe (drain)
rCold   . . .        c - +1 buckler
rNeg    . . .        u - +9 plate armour "Reetoen" {Harm Str+6}
rPois   .            (helmet restricted)
rElec   .            X - scarf {shadows}
rCorr   .            k - +2 pair of gloves
SInv    .            p - +0 pair of boots
Will    +....        W - amulet of the acrobat Stlth
                     K - +6 ring of dexterity
HPRegen 0.44/turn    Y - +6 ring of dexterity
MPRegen 0.13/turn

%: harm (+30% outgoing, +20% incoming), acrobat
@: corroded, hasted, very quick
A: horns 2, retaliatory headbutt
a: no special abilities


You were on level 1 of the Depths.
You visited 2 branches of the dungeon, and saw 16 of its levels.
You also visited: Ossuary.

You collected 1045 gold pieces.
You spent 120 gold pieces at shops.

Inventory:

Hand Weapons
 a - a +1 war axe
 i - a +2 hand axe of flaming
 T - a +1 war axe of draining (weapon)
Missiles
 o - 29 poisoned darts (quivered)
 y - 2 throwing nets
Armour
 c - a +1 buckler (worn)
 k - a +2 pair of gloves (worn)
 p - a +0 pair of boots (worn)
 u - the +9 plate armour "Reetoen" (worn) {Harm Str+6}
   (You found it on level 2 of the Dungeon)

   Str:       It affects your strength (+6).
   Harm:      It increases damage dealt and taken.
 X - a scarf of shadows (worn)
Jewellery
 q - a ring of poison resistance
 B - a +5 ring of evasion
 F - a ring of resist corrosion
 G - a ring of protection from fire
 K - a +6 ring of dexterity (left hand)
 U - a ring of positive energy
 W - an amulet of the acrobat (around neck)
 Y - a +6 ring of dexterity (right hand)
Wands
 d - a wand of flame (62)
 l - a wand of roots (13)
 r - a wand of digging (3)
 s - a wand of light (17)
 E - a wand of charming (12)
Scrolls
 b - a scroll of silence {unknown}
 e - 3 scrolls of teleportation
 f - a scroll of butterflies
 m - a scroll of fear
 w - 10 scrolls of identify
 x - 2 scrolls of enchant armour
 A - 4 scrolls of amnesia
 D - 3 scrolls of blinking
 I - 6 scrolls of fog
 J - 4 scrolls of magic mapping {unknown}
 P - a scroll of acquirement {unknown}
Potions
 g - 10 potions of curing
 h - 3 potions of attraction
 j - 2 potions of lignification
 n - a potion of cancellation {unknown}
 v - a potion of brilliance {unknown}
 z - 4 potions of mutation
 L - 2 potions of flight
 M - a potion of magic {unknown}
 Q - 3 potions of berserk rage
 R - a potion of experience {unknown}
 Z - 2 potions of ambrosia {unknown}


   Skills:
 * Level 19.3 Fighting
 - Level 16.0 Axes
 + Level 14.2 Armour
 - Level 0.1 Dodging
 + Level 14.2 Shields


You had 13 spell levels left.
You didn't know any spells.
Your spell library contained the following spells:

 Spells                   Type           Power      Damage    Failure   Level
 Necrotise                Necr           0%         1d4       96%         1
 Sandblast                Erth           0%         2d4       96%         1
 Slow                     Hex            0%         N/A       96%         1
 Blink                    Tloc           0%         N/A       99%         2
 Ensorcelled Hibernation  Hex/Ice        0%         N/A       99%         2
 Passwall                 Tmut/Erth      0%         N/A       99%         2
 Confusing Touch          Hex            0%         N/A       100%        3
 Dazzling Flash           Conj/Hex       0%         N/A       100%        3
 Spider Form              Tmut/Pois      0%         N/A       100%        3
 Stone Arrow              Conj/Erth      0%         3d7       100%        3
 Vampiric Draining        Necr           0%         2d6       100%        3
 Volatile Blastmotes      Fire/Tloc      0%         2d10      100%        3
 Anguish                  Hex/Necr       0%         N/A       100%        4
 Cause Fear               Hex            0%         N/A       100%        4
 Iskenderun's Mystic Bla  Conj/Tloc      0%         2d3       100%        4
 Sticky Flame             Conj/Fire      0%         2d3       100%        4
 Summon Lightning Spire   Summ/Air       0%         N/A       100%        4
 Agony                    Necr           0%         N/A       100%        5
 Alistair's Intoxication  Tmut/Pois      0%         N/A       100%        5
 Blade Hands              Tmut           0%         N/A       100%        5
 Irradiate                Conj/Tmut      0%         3d11      100%        5
 Starburst                Conj/Fire      0%         6d3       100%        6
 Dragon Form              Tmut           0%         N/A       100%        7
 Enfeeble                 Hex            0%         N/A       100%        7
 Storm Form               Tmut/Air       0%         N/A       100%        7
 Maxwell's Capacitive Co  Air            0%         ∞         100%        8
 Fire Storm               Conj/Fire      0%         5d1       100%        9


Dungeon Overview and Level Annotations

Branches:
Dungeon (15/15)            Temple (0/1) D:5            Lair (0/5) D:11
    Orc (0/2) D:12         Vaults (0/5) D:14         Depths (1/4) D:15
Ossuary (visited)

Altars:
Elyvilon
Gozag
Sif Muna
Trog
Uskayaw
Yredelemnul

Shops:
D:2 :   D:5 [   D:12 ?   Depths:1 :

Portals:
Hell: Depths:1
Ziggurat: Depths:1


Innate Abilities, Weirdness & Mutations

You have a pair of horns on your head.
You reflexively headbutt those who attack you in melee.


Message History

You kill the brown very ugly thing!
You slash the brown very ugly thing! You drain the brown very ugly thing.
The brown very ugly thing engulfs you.
* * * LOW HITPOINT WARNING * * *
You are splashed with acid!
* * * LOW HITPOINT WARNING * * *
The brown ugly thing tail-slaps you but does no damage.
You slash the brown very ugly thing! You headbutt the brown very ugly thing!
The brown very ugly thing is moderately wounded.
You slash the brown ugly thing!
You completely miss the brown very ugly thing.
You slash the brown very ugly thing! You hit the brown very ugly thing.
You drain the brown very ugly thing.
The brown very ugly thing is heavily wounded.
You closely miss the white ugly thing.
You hit the brown very ugly thing but do no damage.
You drain the brown very ugly thing.
You hit the brown ugly thing but do no damage.
You slash the brown very ugly thing! You drain the brown very ugly thing.
The brown very ugly thing kicks you but does no damage.
The brown very ugly thing punches you but does no damage.
The brown very ugly thing engulfs you.
* * * LOW HITPOINT WARNING * * *
You are splashed with acid!
* * * LOW HITPOINT WARNING * * *
The brown ugly thing tail-slaps you but does no damage.
You slash the brown ugly thing!
You kill the brown ugly thing!
You closely miss the brown very ugly thing.
You hit the white ugly thing but do no damage.
You hit the brown very ugly thing. You drain the brown very ugly thing.
You barely miss the brown very ugly thing.
You block the white ugly thing's attack.
You slice the white ugly thing!! You drain the white ugly thing!
The white ugly thing is severely wounded.
You closely miss the brown very ugly thing.
You hit the brown very ugly thing but do no damage.
You hit the brown very ugly thing. You drain the brown very ugly thing.
The brown very ugly thing kicks you!
You die...

#################
####............$..#
...#......=........#
#.'........(......##
...#...............'.
#....≈.....†u...##
#...≈≈≈....@u...#
#.§≈≈∩≈§...uu...# #
#...≈≈≈...##......
#.#....≈....# ......
...........## ......
##.##......## .)....
#.....[..## ......
###.#....# ####...###


You could see 3 very ugly things and a white ugly thing (drained).

Vanquished Creatures
  A frost giant (Depths:1)
  3 stone giants (Depths:1)
  A very ugly thing (Depths:1)
  2 ettins (Depths:1)
  A fire dragon (Depths:1)
  3 jiangshi (Depths:1)
  3 hydras
  4 vault guards (D:14)
  3 ice dragons
  7 two-headed ogres
  8 centaur warriors
  4 boulder beetles
  A vampire mage (Depths:1)
  3 tengu warriors (D:15)
  A death knight (D:14)
  A spriggan berserker (Depths:1)
  9 skeletal warriors
  A flayed ghost (Depths:1)
  4 orc knights
  A phantasmal warrior (D:14)
  6 deep elf pyromancers
  11 ugly things
  7 cyclopes
  3 manticores
  2 moths of wrath (D:15)
  Maggie (D:6)
  A gargoyle (D:11)
  An unseen horror (D:13)
  A yaktaur (D:14)
  2 efreet
  A komodo dragon (D:12)
  2 freezing wraiths
  A tengu conjurer (Depths:1)
  A polar bear (shapeshifter) (D:13)
  6 trolls
  Prince Ribbit (D:7)
  Grinder (D:6)
  A hornet (D:9)
  Sigmund (D:3)
  2 vampires
  A wyvern (D:8)
  4 slime creatures
  3 wraiths
  7 water elementals
  5 shadows
  A steam dragon (D:10)
  17 yaks
  A basilisk (shapeshifter) (D:12)
  Menkaure (D:6)
  11 vampire mosquitoes
  Edmund (D:5)
  4 wargs
  An acid dragon (D:13)
  7 orc warriors
  A sky beast (D:6)
  5 ice beasts
  A black bear (D:7)
  An ogre (D:6)
  2 boggarts (D:14)
  14 centaurs
  2 kobold brigands
  2 bullfrogs
  A gnoll sergeant (D:12)
  3 scorpions
  6 wights
  The ghost of Romuh the Shield-Bearer, a weakling FoFi (D:15)
  18 killer bees
  A howler monkey (D:7)
  3 electric eels
  5 hounds
  12 orc priests
  2 jellies (D:7)
  4 gnoll boudas
  3 iguanas
  Terence (D:2)
  13 orc wizards
  A boggart simulacrum (D:14)
  4 mummies
  Robin (D:2)
  7 adders
  24 gnolls
  A shadow imp (D:7)
  3 white imps
  An ufetubus (D:6)
  4 worms
  3 dart slugs
  45 orcs
  5 bats
  4 endoplasms
  2 giant cockroaches
  A gnoll zombie (Ossuary)
  15 goblins
  5 hobgoblins
  4 jackals (D:2)
  16 kobolds
  A quokka (D:1)
  9 ball pythons
  2 frilled lizards
  2 goblin zombies (Ossuary)
  2 hobgoblin zombies (Ossuary)
  4 kobold zombies (Ossuary)
  2 orc zombies (D:8)
  9 rats
455 creatures vanquished.

Vanquished Creatures (others)
  A vampire (D:14)
  A boggart (D:14)
  An orc wizard (D:14)
3 creatures vanquished.

Grand Total: 458 creatures vanquished

Notes
Turn   | Place    | Note
-------+----------+-------------------------------------------
     0 | D:1      | Yashakami the Minotaur Fighter began the quest for the Orb.
     0 | D:1      | Reached XP level 1. HP: 19/19 MP: 0/0
   207 | D:1      | Reached XP level 2. HP: 27/27 MP: 1/1
  1108 | D:2      | Noticed Robin
  1113 | D:2      | Reached XP level 3. HP: 23/33 MP: 2/2
  1126 | D:2      | Killed Robin
  1302 | D:2      | Reached skill level 5 in Axes
  1323 | D:2      | Reached XP level 4. HP: 40/40 MP: 3/3
  1329 | D:2      | Noticed Terence
  1334 | D:2      | Killed Terence
  1602 | D:2      | Found Apiotuyw's Book Shop.
  1607 | D:2      | Identified the +9 plate armour "Reetoen" {Harm Str+6}
  2208 | D:2      | Found a faded altar of an unknown god.
  2537 | D:3      | Reached XP level 5. HP: 46/46 MP: 4/4
  2635 | D:3      | Noticed Sigmund
  2648 | D:3      | Killed Sigmund
  2649 | D:3      | Reached XP level 6. HP: 43/52 MP: 5/5
  3361 | D:4      | You fall into a shaft and drop 3 floors!
  3411 | D:7      | Noticed an ice beast
  3422 | D:7      | Reached XP level 7. HP: 17/58 MP: 6/6
  3427 | D:7      | Found an opulent altar of Gozag.
  3571 | D:6      | Noticed Menkaure
  3572 | D:6      | Reached skill level 10 in Axes
  3572 | D:6      | Noticed Grinder
  3582 | D:6      | Killed Menkaure
  3611 | D:6      | Killed Grinder
  3612 | D:6      | Reached XP level 8. HP: 50/66 MP: 7/7
  3767 | D:5      | Entered Level 5 of the Dungeon
  3795 | D:5      | Found Xeal's Armour Shop.
  3856 | D:5      | Noticed Edmund
  3861 | D:5      | Killed Edmund
  4117 | D:4      | Identified the +1 helmet of Neapreol {Stlth+}
  4760 | D:5      | Identified the +2 robe of the Sun {Will+++ MP+9 Str-2
                  | Stlth+}
  4940 | D:5      | Found a staircase to the Ecumenical Temple.
  5349 | D:6      | Reached XP level 9. HP: 71/71 MP: 8/8
  5449 | D:6      | Noticed Maggie
  5459 | D:6      | Killed Maggie
  5532 | D:6      | Found a shimmering blue altar of Sif Muna.
  5789 | D:6      | Reached skill level 15 in Axes
  5909 | D:7      | Noticed Prince Ribbit
  5919 | D:7      | Killed Prince Ribbit
  6093 | D:7      | Got Vehumet's Volume of Bombardment
  6577 | D:7      | Reached skill level 4 in Fighting
  6613 | D:7      | Got Siaxki's Volume of the Inconstant Jaunt
  7028 | D:8      | Reached skill level 5 in Fighting
  7221 | D:8      | Reached XP level 10. HP: 64/81 MP: 9/9
  7380 | D:8      | Identified the +1 scale mail of Resonance {rElec rCorr}
  7499 | D:8      | Found a sand-covered staircase.
  7526 | Ossuary  | Entered an ossuary
  7873 | Ossuary  | Reached skill level 6 in Fighting
  7873 | Ossuary  | Reached skill level 5 in Armour
  8058 | D:9      | Reached skill level 5 in Shields
  8206 | D:9      | Reached skill level 7 in Fighting
  8405 | D:9      | Reached skill level 8 in Fighting
  8746 | D:9      | Reached skill level 9 in Fighting
  9281 | D:10     | Entered Level 10 of the Dungeon
  9321 | D:10     | Found a basalt altar of Yredelemnul.
  9394 | D:10     | Found a white marble altar of Elyvilon.
  9426 | D:10     | Reached XP level 11. HP: 97/97 MP: 10/10
  9592 | D:10     | Noticed a boulder beetle
  9603 | D:10     | Killed a boulder beetle
  9639 | D:10     | Found a hide-covered altar of Uskayaw.
  9644 | D:10     | Reached skill level 10 in Fighting
  9658 | D:10     | Noticed a two-headed ogre
  9669 | D:10     | Killed a two-headed ogre
 10056 | D:11     | Found a staircase to the Lair.
 10070 | D:11     | Reached skill level 11 in Fighting
 11197 | D:12     | Found Hibreut's Magic Scroll Shop.
 11201 | D:12     | Reached skill level 12 in Fighting
 11212 | D:12     | Bought a scroll of enchant weapon for 120 gold pieces
 11255 | D:12     | Noticed a deep elf pyromancer
 11255 | D:12     | Noticed a deep elf pyromancer
 11264 | D:12     | Killed a deep elf pyromancer
 11265 | D:12     | Killed a deep elf pyromancer
 11348 | D:12     | Noticed a two-headed ogre
 11353 | D:12     | Killed a two-headed ogre
 11375 | D:12     | Noticed a two-headed ogre
 11376 | D:12     | Reached XP level 12. HP: 101/113 MP: 11/11
 11380 | D:12     | Killed a two-headed ogre
 11483 | D:12     | Noticed a five-headed hydra
 11494 | D:12     | Killed a 12-headed hydra
 11498 | D:12     | Reached skill level 13 in Fighting
 11682 | D:12     | Noticed an entropy weaver
 11682 | D:12     | Noticed a six-headed hydra
 11692 | D:12     | Killed a 14-headed hydra
 11695 | D:12     | an entropy weaver changed into a basilisk
 11700 | D:12     | Identified the +1 scale mail "Sid Dye" {+Blink rElec rF++
                  | MP+9}
 11822 | D:12     | Noticed a centaur warrior
 11823 | D:12     | Noticed a boulder beetle
 11831 | D:12     | Killed a boulder beetle
 11832 | D:12     | Reached skill level 10 in Armour
 11832 | D:12     | Reached skill level 10 in Shields
 11836 | D:12     | Killed a centaur warrior
 11837 | D:12     | Identified the +3 leather armour "Uvudytung" {Harm rN++
                  | Str+2 Dex+2}
 11945 | D:12     | Noticed a boulder beetle
 11964 | D:12     | Killed a boulder beetle
 11967 | D:12     | Reached skill level 14 in Fighting
 12116 | D:12     | Found a staircase to the Orcish Mines.
 12440 | D:13     | Noticed a centaur warrior
 12449 | D:13     | Killed a centaur warrior
 12497 | D:13     | Noticed a centaur warrior
 12502 | D:13     | Killed a centaur warrior
 12645 | D:13     | Noticed a four-headed hydra
 12650 | D:13     | Killed a seven-headed hydra
 12808 | D:13     | Noticed a centaur warrior
 12818 | D:13     | Killed a centaur warrior
 12831 | D:13     | Reached skill level 15 in Fighting
 12890 | D:13     | Noticed a centaur warrior
 12896 | D:13     | Killed a centaur warrior
 12986 | D:13     | Noticed a boulder beetle
 13000 | D:13     | Killed a boulder beetle
 13262 | D:13     | Reached XP level 13. HP: 127/127 MP: 12/12
 13404 | D:14     | Found a gate to the Vaults.
 13559 | D:14     | Reached skill level 16 in Fighting
 14987 | D:15     | Entered Level 15 of the Dungeon
 15024 | D:15     | Reached skill level 17 in Fighting
 15272 | D:15     | Found a staircase to the Depths.
 15970 | D:15     | Noticed Romuh's ghost (weakling FoFi)
 15977 | D:15     | Found a transporter.
 15980 | D:15     | Found a transporter.
 16362 | D:15     | Reached XP level 14. HP: 120/140 MP: 13/13
 17079 | D:15     | Reached skill level 18 in Fighting
 17079 | D:15     | Killed Romuh's ghost
 17097 | D:15     | Found a bloodstained altar of Trog.
 17229 | Depths:1 | Entered Level 1 of the Depths
 17500 | Depths:1 | Found a gateway to Hell.
 17514 | Depths:1 | Found Harhoty's Vocational Training.
 17535 | Depths:1 | Noticed a stone giant
 17549 | Depths:1 | Killed a stone giant
 17648 | Depths:1 | Noticed a stone giant
 17659 | Depths:1 | Killed a stone giant
 18375 | Depths:1 | Noticed a frost giant
 18383 | Depths:1 | Killed a frost giant
 18384 | Depths:1 | Reached skill level 19 in Fighting
 18432 | Depths:1 | Found a one-way gateway to a ziggurat.
 18747 | Depths:1 | Noticed a stone giant
 18757 | Depths:1 | Killed a stone giant
 18778 | Depths:1 | Noticed a brown very ugly thing
 18779 | Depths:1 | Noticed a brown very ugly thing
 18781 | Depths:1 | Noticed a brown very ugly thing
 18786 | Depths:1 | Noticed a brown very ugly thing
 18794 | Depths:1 | Killed a brown very ugly thing
 18796 | Depths:1 | HP: 2/146 [acid (8)]
 18798 | Depths:1 | Mangled by a brown very ugly thing

Illustrated notes

Levels and vault maps discovered:
D:1:      roderic_crop_circles_arrival_large, layout_basic
D:2:      layout_basic, serial_shops, nicolae_shop_crystal,
          shapermc_ecumenical_altar_hornbeckon, kennysheep_generic_room_5,
          uniq_robin, uniq_terence
D:3:      layout_basic, serial_aquarium, aquarium_bridge_square
          [aquarium_subvault_bridge, aquarium_subvault_balcony,
          aquarium_subvault_wall, aquarium_subvault_wall],
          aquarium_bridge_square [aquarium_subvault_wall,
          aquarium_subvault_bridge, aquarium_subvault_bridge,
          aquarium_subvault_window], aquarium_window_1, aquarium_window_1,
          aquarium_window_fake, aquarium_view_2e, kennysheep_generic_room_2,
          uniq_sigmund
D:4:      layout_cave_pods
D:5:      nicolae_cairo_tiling_large_dashed, layout_basic,
          minmay_temple_entry_nine_rooms, serial_shops, shop, minivault_23,
          uniq_edmund
D:6:      layout_basic, mainiacjoe_overflow_alcove_1, uniq_grinder, uniq_maggie,
          uniq_menkaure
D:7:      layout_layer_cave, grunt_gozag_statues, feat_on_display,
          uniq_prince_ribbit1
D:8:      layout_basic, nicolae_ossuary_entry_giza
D:9:      layout_grid_maze
D:10:     layout_basic, overflow_temple_1_default, yredelemnul_altar_generic,
          eat_drink_and_be_merry_uskayaw
D:11:     layout_basic, erik_lair_orcish_takeover
D:12:     layout_roguey, orc_0_dummy, serial_shops, nicolae_shop_rolling_square,
          minmay_the_grid_2x2 [minmay_the_grid_box_x,
          minmay_the_grid_minigrid_small, minmay_the_grid_stretched_grid,
          minmay_the_grid_prize_four_corners_diamond_a]
D:13:     layout_irregular_city, serial_bayou_pond_e, roderic_serpentine_path,
          chequers_serial_rivers_micro_e
D:14:     layout_basic, lightli_vaults_fourway_checkpoint
D:15:     grunt_enter_depths_hoard, layout_loops_cross,
          gammafunk_ghost_wrathful_warriors, minmay_misc_feat_secret_circle,
          nrook_pool_corridor
Depths:1: layout_gridlike, enter_ziggurat_b, hell_entry, nicolae_benzene_ring,
          chequers_serial_rivers_room_b, amcnicky_mini_corridor_feature,
          chequers_serial_rivers_micro_e, nicolae_shop_vocational,
          serial_bayou_shore_b

Skill      XL: |  1  2  3  4  5  6  7  8  9 10 11 12 13 14 |
---------------+-------------------------------------------+-----
Axes           | 3 4 5 6 7 9 11 13 16 | 16.0
Fighting       | 5 9 12 15 17 19 | 19.3
Armour         | 4 7 9 11 13 14 | 14.2
Shields        | 4 7 9 11 12 14 | 14.2
Dodging        | |  0.1

Action                     |  1- 3 |  4- 6 |  7- 9 | 10-12 | 13-15 || total
---------------------------+-------+-------+-------+-------+-------++-------
  Melee: War axe           |   147 |    77 |   212 |   421 |   419 ||  1276
         Headbutt          |    32 |     7 |    32 |   103 |   126 ||   300
  Throw: Dart              |       |       |     3 |     9 |       ||    12
    Use: Scroll            |       |    16 |     2 |     4 |     3 ||    25
         Potion            |       |     1 |     5 |       |    15 ||    21
   Stab: Invisible         |       |       |       |       |    10 ||    10
 Armour: Scale mail        |     6 |       |       |       |       ||     6
         Chain mail        |    31 |    11 |       |       |       ||    42
         Plate armour      |       |    29 |   142 |   277 |   187 ||   635
  Dodge: Dodged            |    31 |    19 |    57 |   172 |   110 ||   389
  Block: Buckler           |     9 |    19 |    34 |   141 |   140 ||   343
